 Dungeon Crawl Stone Soup version 0.28-a0-819-g6ef7baa362 (webtiles) character file.

Game seed: 13369115633564196647

541 enfeo the Vexing (level 7, -1/32 HPs)
             Began as a Spriggan Enchanter on Nov 8, 2021.
             Killed by nerve-wracking pain
             ... invoked by Grinder
              (13 damage)
             ... on level 4 of the Dungeon.
             The game lasted 00:07:22 (3812 turns).

enfeo the Vexing (Spriggan Enchanter)               Turns: 3812, Time: 00:07:24

Health: -1/32      AC: 10    Str:  6    XL:     7   Next: 5%
Magic:  7/17       EV: 17    Int: 16    God:
Gold:   238        SH:  0    Dex: 16    Spells: 10/18 levels left

rFire   . . .      SeeInvis +   a - +2 dagger (protect)
rCold   . . .      Faith    .   (shield restricted)
rNeg    . . .      Spirit   .   b - +1 robe
rPois   .          Reflect  .   (helmet restricted)
rElec   .          Harm     .   (no cloak)
rCorr   .          Rampage  .   (gloves unavailable)
Will    +....                   (boots unavailable)
Stlth   +++.......              (no amulet)
HPRegen 0.10/turn               (no ring)
MPRegen 0.15/turn               (no ring)

@: under a protective aura, very quick
A: very small, no large weapons, unfitting armour, see invisible, speed 3
a: no special abilities


You were on level 4 of the Dungeon.
You visited 1 branch of the dungeon, and saw 4 of its levels.

You collected 238 gold pieces.

Inventory:

Hand Weapons
 a - a +2 dagger of protection (weapon)
 d - a +7 falchion of holy wrath
Missiles
 f - a throwing net
 i - 9 poisoned darts (quivered)
Armour
 b - a +1 robe (worn)
Scrolls
 c - a scroll of magic mapping
 h - 4 scrolls of immolation
 k - a scroll of enchant armour
Potions
 e - 2 potions of attraction {unknown}
 g - a potion of curing {unknown}
 j - 2 potions of flight {unknown}


   Skills:
 - Level 1.1 Short Blades
 - Level 2.6 Dodging
 + Level 6.2 Stealth
 + Level 6.4 Spellcasting
 + Level 6.9 Hexes


You had 10 spell levels left.
You knew the following spells:

 Your Spells              Type           Power      Damage    Failure   Level
a - Ensorcelled Hibernat  Hex/Ice        32%        N/A       4%          2
b - Tukima's Dance        Hex            27%        N/A       2%          3
c - Dazzling Flash        Conj/Hex       32%        N/A       10%         3

Your spell library contained the following spells:

 Spells                   Type           Power      Damage    Failure   Level
 Confusing Touch          Hex            27%        N/A       2%          3
 Silence                  Hex/Air        8%         N/A       65%         5
 Agony                    Necr           5%         N/A       98%         5


Dungeon Overview and Level Annotations

Branches:
Dungeon (4/15)
 Temple: D:4-7

Altars:
Elyvilon

Annotations:
D:4 Grinder


Innate Abilities, Weirdness & Mutations

You are very small and have problems with some larger weapons.
You are too small for most types of armour.
You have supernaturally acute eyesight. (SInv)
You cover ground extremely quickly. (Speed+++)


Message History

Casting: Dazzling Flash (quite dangerous; 10% risk of failure)
Press: ? - help, Dir - look around, f - activate You miscast Dazzling Flash.
You are very lightly contaminated with residual magic.
Nothing appears to happen.
Grinder gestures at you.
You suddenly lose the ability to move!
Grinder hits you.
You writhe in agony.
Grinder hits you but does no damage. Grinder hits you. Grinder gestures at you.
You easily resist.
Grinder hits you.
You writhe in agony.
You can move again.
Casting: Dazzling Flash (quite dangerous; 10% risk of failure)
Confirm with . or Enter, or press ? or * to list all spells.
The spell is quite dangerous to cast (10% risk of failure)!
Continue anyway?
Casting: Dazzling Flash (quite dangerous; 10% risk of failure)
Press: ? - help, Dir - look around, f - activate Grinder closely misses you.
Casting: Dazzling Flash (quite dangerous; 10% risk of failure)
Confirm with . or Enter, or press ? or * to list all spells.
The spell is quite dangerous to cast (10% risk of failure)!
Continue anyway?
Casting: Dazzling Flash (quite dangerous; 10% risk of failure)
Press: ? - help, Dir - look around, f - activate Grinder is dazzled.
Grinder gestures at you.
You suddenly lose the ability to move!
Grinder gestures at you.
You shrug off the repeated paralysis!
Your magical contamination has completely faded away.
Grinder hits you but does no damage.
You can move again.
You hit Grinder.
Your weapon exudes an aura of protection.
Grinder is almost dead.
Grinder is no longer blind.
Grinder gestures at you. Pain shoots through your body!
You die...

#.#.....'........#
#.###.###....#####
#.# #.# #....#
#.###.# #....#
#.#...# ######
####.#.#.####
#...........#
#..#########.#
.... #5@)# ###
#.#.# #.#.# #.#.#
#.#.. #.#.. #.#..#
.. ..#


You could see Grinder.

Vanquished Creatures
  Sigmund (D:2)
  A necrophage (D:4)
  A centaur zombie (D:4)
  5 adders
  2 worms (D:2)
  3 dart slugs
  6 bats
  6 giant cockroaches
  5 goblins
  A hobgoblin (D:4)
  3 jackals (D:3)
  3 quokkas (D:3)
  8 ball pythons
  15 frilled lizards
  6 kobolds
  2 rats
68 creatures vanquished.

Vanquished Creatures (collateral kills)
  Eustachio (D:4)
1 creature vanquished.

Vanquished Creatures (others)
  10 plants
10 creatures vanquished.

Grand Total: 79 creatures vanquished

Notes
Turn   | Place    | Note
-------+----------+-------------------------------------------
     0 | D:1      | enfeo the Spriggan Enchanter began the quest for the Orb.
     0 | D:1      | Reached XP level 1. HP: 9/9 MP: 5/5
   510 | D:1      | You fall into a shaft and drop 1 floor!
   705 | D:2      | Reached XP level 2. HP: 4/13 MP: 7/7
   914 | D:2      | Learned a level 2 spell: Ensorcelled Hibernation
  1150 | D:2      | Reached XP level 3. HP: 16/16 MP: 9/9
  1154 | D:2      | Learned a level 3 spell: Tukima's Dance
  1158 | D:2      | Learned a level 3 spell: Dazzling Flash
  1786 | D:2      | Noticed Sigmund
  1798 | D:2      | Killed Sigmund
  1799 | D:2      | Reached skill level 5 in Spellcasting
  1799 | D:2      | Reached XP level 4. HP: 11/21 MP: 1/12
  1799 | D:2      | Reached XP level 5. HP: 13/24 MP: 1/13
  2174 | D:3      | Found a faded altar of an unknown god.
  2490 | D:3      | Found a white marble altar of Elyvilon.
  3160 | D:4      | Noticed Eustachio
  3171 | D:4      | Killed Eustachio
  3172 | D:4      | Reached skill level 5 in Stealth
  3172 | D:4      | Reached XP level 6. HP: 28/28 MP: 1/16
  3525 | D:4      | Identified the +2 pair of gloves of the Catfish {rC+ Int+4}
  3682 | D:4      | Reached XP level 7. HP: 28/32 MP: 17/17
  3790 | D:4      | Noticed Grinder
  3802 | D:4      | Paralysed by Grinder for 6 turns
  3809 | D:4      | Paralysed by Grinder for 3 turns
  3812 | D:4      | Killed from afar by Grinder

Illustrated notes

Levels and vault maps discovered:
D:1:      scummos_arrival_forest, layout_basic
D:2:      layout_basic, serial_bayou_pond_b, minivault_23, uniq_sigmund
D:3:      layout_basic, mainiacjoe_overflow_alcove_1,
          hellmonk_ecumenical_altar_arch_garden, minmay_lizard_king
D:4:      layout_basic, minivault_27, minmay_fractal_squares_gapless_5,
          uniq_grinder, uniq_eustachio

Skill      XL: |  1  2  3  4  5  6 |
---------------+-------------------+-----
Spellcasting   | 3 5 6 |  6.4
Hexes          | 4 6 |  6.9
Stealth        | 5 6 |  6.2
Short Blades   | |  1.1
Dodging        | |  2.6

Action                   |  1- 3 |  4- 6 |  7- 9 || total
-------------------------+-------+-------+-------++-------
Melee: Dagger            |    80 |   166 |    15 ||   261
       Falchion          |       |    11 |       ||    11
 Cast: Ensorcelled Hiber |     8 |    10 |       ||    18
       Tukima's Dance    |     1 |     4 |       ||     5
       Dazzling Flash    |       |       |     3 ||     3
  Use: Scroll            |     8 |     1 |       ||     9
       Potion            |     3 |     1 |       ||     4
 Stab: Sleeping          |    11 |    13 |       ||    24
       Invisible         |     1 |       |     2 ||     3
       Distracted        |       |     1 |       ||     1
Armor: Robe              |    12 |    54 |     4 ||    70
Dodge: Dodged            |    51 |   180 |     8 ||   239

Table legend: (Time is in decaauts)
 A = Elapsed time spent in this place.
 B = Non-inter-level travel time spent in this place.
 C = Inter-level travel time spent in this place.
 D = Time resting spent in this place.
 E = Time spent auto-exploring this place.
 F = Levels seen in this place.
 G = Mean time per level.
                   A        B        C        D        E       F      G
               +--------+--------+--------+--------+--------+-----+--------+
         Total |   2943 |   2912 |     31 |    624 |   1579 |   4 |  735.8 |
       Dungeon |   2943 |   2912 |     31 |    624 |   1579 |   4 |  735.8 |
               +--------+--------+--------+--------+--------+-----+--------+

Top non-repeatable levels by time:
     D:2: 1150 daAuts
     D:3: 765 daAuts
     D:1: 520 daAuts
     D:4: 507 daAuts
